 Dungeon Crawl Stone Soup version 0.20.1-1-g8b1a95d (webtiles) character file.

182 Jannitor the Sneak (level 5, 0/28 HPs)
             Began as a Vine Stalker Assassin on Aug 24, 2017.
             Slain by a goblin (4 damage)
             ... led by Robin
             ... on level 2 of the Dungeon.
             The game lasted 00:01:15 (789 turns).

Jannitor the Sneak (Vine Stalker Assassin)           Turns: 789, Time: 00:01:16

Health: 0/28       AC:  3    Str: 14    XL:     5   Next: 62%
Magic:  0/6        EV: 13    Int: 11    God:
Gold:   18         SH:  0    Dex: 16    Spells: 4/4 levels left

rFire    . . .     SeeInvis .   a - +2 dagger
rCold    . . .     Gourm    .   (no shield)
rNeg     . . .     Faith    .   c - +0 robe
rPois    .         Spirit   +   (no helmet)
rElec    .         Reflect  .   d - +0 cloak
rCorr    .         Harm     .   (no gloves)
MR       .....                  (no boots)
Stlth    +++.......             (no amulet)
Regen    0.5/turn               (no ring)
MPRegen  0.1/turn               (no ring)

@: no status effects
A: fangs 2, regeneration 1, magic shield, antimagic bite, no potion heal 3, rot
immunity
a: no special abilities


You were on level 2 of the Dungeon.
You were not hungry.

You visited 1 branch of the dungeon, and saw 2 of its levels.

You collected 18 gold pieces.

Inventory:

Hand Weapons
 a - a +2 dagger (weapon)
 b - a +0 blowgun
Missiles
 e - 8 poisoned needles
 f - 2 curare-tipped needles
Armour
 c - a +0 robe (worn)
 d - a +0 cloak (worn)
Scrolls
 i - 3 scrolls of remove curse {unknown}
 k - a scroll of enchant weapon {unknown}
 m - a scroll of immolation {unknown}
Potions
 h - a potion of might {unknown}
 j - a potion of curing
 n - a potion of flight {unknown}
Comestibles
 g - 2 bread rations


   Skills:
 + Level 2.9 Fighting
 + Level 3.1 Short Blades
 - Level 1.7 Throwing
 + Level 2.0 Dodging
 + Level 5.9 Stealth


You had 4 spell levels left.
You didn't know any spells.

Dungeon Overview and Level Annotations

Branches:
Dungeon (2/15)

Altars:

Annotations:
D:2 Robin


Innate Abilities, Weirdness & Mutations

You have extremely sharp teeth.
Your natural rate of healing is unusually fast.
When hurt, damage is shared between your health and your magic reserves.
Your bite disrupts and absorbs the magic of your enemies.
Potions cannot restore your health.
You are immune to rotting.


Message History

Robin roars a battlecry!
The goblin goes into a battle-frenzy!
You hear a shout!
You see here a dagger.
It was a potion of curing.
That felt strangely inert.
Robin throws the goblin at you! The goblin hits you.
* * * LOW HITPOINT WARNING * * *
Unknown command.
You hit the goblin.
You kill the goblin!
It was a potion of heal wounds.
That seemed strangely inert.
The goblin no longer looks unusually strong.
Robin throws the goblin at you! The goblin misses you.
The goblin hits you but does no damage.
You hit the goblin.
You kill the goblin!
Robin roars a battlecry!
The goblin goes into a battle-frenzy!
The goblin hits you.
You die...

...#......##..#.#
....
#......'...#.#
.....
#......##.##.##
....
#......+......#
....
#.#....##.##..#
#.#....##.##..#
#.#....##.##..#
#.####.##)##..#
#..#@##..#
#.#g##..#
#####.#g##..#
......ggg...#
#####.g.#g..#
+.......#...#
######..#..K#
#.)....# #......#


You could see Robin, 2 hobgoblins and 3 goblins.

Vanquished Creatures
  Sigmund (D:2)
  An adder (D:1)
  A dart slug (D:1)
  A ball python (D:1)
  A bat (D:1)
  A giant cockroach (D:1)
  10 goblins
  2 hobgoblins
  A frilled lizard (D:1)
  4 rats (D:1)
23 creatures vanquished.

Notes
Turn   | Place    | Note
-------+----------+-------------------------------------------
     0 | D:1      | Jannitor the Vine Stalker Assassin began the quest for the Orb.
     0 | D:1      | Reached XP level 1. HP: 11/11 MP: 2/2
    68 | D:1      | Reached skill level 1 in Dodging
   108 | D:1      | Reached XP level 2. HP: 13/15 MP: 3/3
   425 | D:1      | Reached skill level 5 in Stealth
   454 | D:1      | Reached XP level 3. HP: 12/18 MP: 4/4
   721 | D:2      | Noticed Sigmund
   724 | D:2      | Killed Sigmund
   724 | D:2      | Gained mutation: Your natural rate of healing is unusually fast. [Vine Stalker growth]
   724 | D:2      | Reached XP level 4. HP: 23/23 MP: 5/5
   724 | D:2      | Reached XP level 5. HP: 28/28 MP: 6/6
   761 | D:2      | Noticed Robin
   789 | D:2      | Slain by a goblin

Skill      XL: |  1  2  3 |
---------------+----------+-----
Dodging        | 1 2 |  2.0
Short Blades   | 2 3 |  3.1
Stealth        | 5 |  5.9
Fighting       | 2 |  2.9
Throwing       | |  1.7

Action                   |  1- 3 |  4- 6 || total
-------------------------+-------+-------++-------
Melee: Dagger            |    51 |    14 ||    65
       Bite              |    17 |     4 ||    21
  Use: Potion            |       |     2 ||     2
 Stab: Sleeping          |     6 |       ||     6
Armor: Robe              |    15 |     3 ||    18
Dodge: Dodged            |    25 |     7 ||    32
